 Dungeon Crawl Stone Soup version 0.30-a0-908-g5a111fc481 (webtiles) character file.

Game seed: 2413229188851157980

189 Raelden the Stinger (level 5, 0/31 HPs)
             Began as an Octopode Venom Mage on Mar 18, 2023.
             Slain by emiel's ghost (3 damage)
             ... on level 3 of the Dungeon.
             The game lasted 00:08:54 (2324 turns).

Raelden the Stinger (Octopode Venom Mage)           Turns: 2324, Time: 00:08:55

Health: 0/31       AC:  1    Str:  7    XL:     5   Next: 68%
Magic:  5/10       EV: 13    Int: 20    God:
Gold:   143        SH:  0    Dex: 12    Spells: 4/11 levels left

rFire   . . .      SeeInvis .    (no weapon)
rCold   . . .      Faith    .    (no shield)
rNeg    + . .      Spirit   .    (helmet restricted)
rPois   .          Reflect  .    b - amulet of magic regeneration
rElec   .          Rampage  .    d - ring of positive energy
rCorr   .                        (no ring)
Will    .....                    (no ring)
Stlth   +++                      (no ring)
HPRegen 0.25/turn                (no ring)
MPRegen 0.52/turn                (no ring)
                                 (no ring)
                                 (no ring)

@: no status effects
A: almost no armour, amphibious, 8 rings, camouflage 1, gelatinous body 1,
(nimble swimmer 1), tentacles
a: no special abilities


You were on level 3 of the Dungeon.
You visited 1 branch of the dungeon, and saw 3 of its levels.

You collected 143 gold pieces.

Inventory:

Armour
 j - a scarf of invisibility
Jewellery
 b - an amulet of magic regeneration (around mantle)
 d - a ring of positive energy (left tentacle)
 e - an amulet of regeneration
Wands
 k - a wand of polymorph (6)
 r - a wand of flame (17)
Scrolls
 c - a scroll of noise
 g - a scroll of enchant weapon {unknown}
 h - a scroll of poison {unknown}
 i - a scroll of enchant armour {unknown}
 l - a scroll of silence {unknown}
 m - a scroll of immolation {unknown}
 n - a scroll of identify
 p - a scroll of fog {unknown}
Potions
 a - a potion of magic
 f - 2 potions of lignification
 o - a potion of curing {unknown}
 q - a potion of heal wounds {unknown}


   Skills:
 - Level 2.0 Dodging
 - Level 2.6 Stealth
 + Level 0.5 Unarmed Combat
 + Level 3.9 Spellcasting
 - Level 1.0 Transmutations
 + Level 1.0 Air Magic
 + Level 5.4 Poison Magic


You had 4 spell levels left.
You knew the following spells:

 Your Spells              Type           Power      Damage    Failure   Level
a - Sting                 Tmut/Pois      64%        1d6       3%          1
b - Poisonous Vapours     Pois/Air       34%        N/A       4%          2
c - Olgreb's Toxic Radia  Pois           25%        N/A       14%         4

Your spell library contained the following spells:

 Spells                   Type           Power      Damage    Failure   Level
 Mephitic Cloud           Conj/Pois/Air  12%        N/A       16%         3


Dungeon Overview and Level Annotations

Branches:
Dungeon (3/15)

Altars:
Trog

Annotations:
D:3 emiel's ghost, amateur TeEE


Innate Abilities, Weirdness & Mutations

You cannot wear most types of armour.
You are amphibious.
You can wear up to eight rings at the same time.
Your skin changes colour to match your surroundings (Stealth+).
Your rubbery body absorbs attacks. (AC +1, EV +1)
((You are camouflaged when in or above water. (Stealth+)))
You have tentacles for arms and can constrict up to eight enemies at once.


Message History

Aim: a gnoll, wielding a +0 spear of pain and quivering a throwing net Poisonous vapours surround the gnoll!
The gnoll is poisoned.
Casting: Poisonous Vapours (safe; 5% risk of failure)
Confirm with . or Enter, or press ? or * to list all spells.
Aiming: Poisonous Vapours (safe; 5% risk of failure)
Press: ? - help, Dir - move target, f/p - gnoll
Aim: a gnoll, wielding a +0 spear of pain and quivering a throwing net (poisoned) Poisonous vapours surround the gnoll!
The gnoll looks even sicker.
The gnoll throws a throwing net.
The throwing net closely misses you. The gnoll barely misses you.
You closely miss the gnoll. You grab the gnoll.
The gnoll is lightly wounded.
You constrict the gnoll, but do no damage.
The gnoll hits you with a +0 spear of pain.
* * * LOW HITPOINT WARNING * * *
Casting: Poisonous Vapours (safe; 5% risk of failure)
Confirm with . or Enter, or press ? or * to list all spells.
The spell is extremely dangerous to miscast (14% risk of failure)!
Continue anyway?
You begin to radiate toxic energy.
The gnoll looks even sicker.
You constrict the gnoll.
The gnoll hits you with a +0 spear of pain.
* * * LOW HITPOINT WARNING * * *
Emiel's ghost misses you.
Unknown command.
You barely miss the gnoll.
The gnoll is severely wounded.
Your toxic aura wanes.
You constrict the gnoll.
You kill the gnoll!
Emiel's ghost misses you. Emiel's ghost attacks as you move away!
Emiel's ghost misses you.
Things that are here:
a +0 spear of pain; a gnoll corpse Emiel's ghost attacks as you move away!
Emiel's ghost misses you. Emiel's ghost attacks as you move away!
Emiel's ghost hits you.
* * * LOW HITPOINT WARNING * * *
There is a transporter here.
You enter the transporter and appear at another place.
Emiel's ghost hits you.
You die...

....≈≈###...........)..(###≈≈.#
###.≈≈.8#.######)######.#8.≈≈.#
###.≈≈.##.#.⌠.#.)8#(.$#.##.≈≈.#
##..~~.#..'...).©⌠#:.$'..#.~~.#
#...≈≈.##.#.⌠.#.)8#".$#.##.≈≈.#
#.#.≈≈.8#.######'######.#8.≈≈.#
....≈≈###...............###≈≈.#
#...≈≈#...###.#####.###..g#≈≈.#
#...≈≈#.#g#.###.@.###.#.#.#≈≈.#
###.≈≈#####....W......#####≈≈.#
#.≈≈≈≈≈≈≈≈≈≈≈≈~≈≈≈≈≈≈≈≈≈≈≈≈.#
#.≈≈≈≈≈≈≈≈≈≈≈≈~≈≈≈≈≈≈≈≈≈≈≈≈.#
#...........................#
####.##.##...####.####.######
#.##....### #......# #.#####.#
######.# ... #.# #.#


You could see emiel's ghost.

Vanquished Creatures
  An orc wizard (D:3)
  Terence (D:2)
  6 gnolls (D:3)
  2 adders
  3 worms (D:2)
  A dart slug (D:2)
  3 orcs (D:3)
  2 ball pythons
  4 bats
  3 endoplasms (D:1)
  A giant cockroach (D:1)
  9 goblins
  5 hobgoblins
  2 jackals (D:1)
  A quokka (D:1)
  3 frilled lizards
  4 kobolds
  5 rats
56 creatures vanquished.

Vanquished Creatures (others)
  6 plants (D:3)
6 creatures vanquished.

Grand Total: 62 creatures vanquished

Notes
Turn   | Place    | Note
-------+----------+-------------------------------------------
     0 | D:1      | Raelden the Octopode Venom Mage began the quest for the
                  | Orb.
     0 | D:1      | Reached XP level 1. HP: 11/11 MP: 3/3
    10 | D:1      | Found a faded altar of an unknown god.
   159 | D:1      | Reached skill level 4 in Poison Magic
   258 | D:1      | Reached XP level 2. HP: 9/17 MP: 1/5
   724 | D:1      | Reached XP level 3. HP: 21/21 MP: 4/6
  1477 | D:2      | Noticed Terence
  1484 | D:2      | Learned a level 2 spell: Poisonous Vapours
  1497 | D:2      | Killed Terence
  1498 | D:2      | Reached skill level 5 in Poison Magic
  1498 | D:2      | Reached XP level 4. HP: 27/27 MP: 2/8
  1932 | D:2      | Learned a level 4 spell: Olgreb's Toxic Radiance
  2030 | D:3      | Found a bloodstained altar of Trog.
  2083 | D:3      | Reached XP level 5. HP: 31/31 MP: 4/10
  2250 | D:3      | Noticed emiel's ghost (amateur TeEE)
  2279 | D:3      | Found a transporter.
  2286 | D:3      | Found a transporter.
  2295 | D:3      | Reached skill level 1 in Air Magic
  2324 | D:3      | Slain by emiel's ghost

Illustrated notes

Levels and vault maps discovered:
D:1:      amcnicky_arrival_single_pillar, layout_basic,
          hellmonk_ecumenical_altar_run_dry, minivault_19
D:2:      layout_basic, serial_forest, infiniplex_forest_lined_3,
          infiniplex_forest_corner_1, infiniplex_forest_lined_3_way,
          infiniplex_forest_end_2, infiniplex_forest_lined_3,
          infiniplex_forest_clump_diagonal, serial_bayou_pond_d, uniq_terence
D:3:      layout_loops_ring, nicolae_overflow_ecumenical_swirl,
          mainiacjoe_overflow_surrounded_room, gammafunk_ghost_gnarly_gnolls

Skill      XL: |  1  2  3  4  5 |
---------------+----------------+-----
Poison Magic   | 4 5 |  5.4
Spellcasting   | 3 |  3.9
Air Magic      | 1 |  1.0
Dodging        | |  2.0
Stealth        | |  2.6
Unarmed Combat | |  0.5
Transmutations | |  1.0

Action                     |  1- 3 |  4- 6 || total
---------------------------+-------+-------++-------
  Melee: Unarmed           |    37 |    12 ||    49
         Tentacles         |    10 |     5 ||    15
         Constrict         |    10 |     4 ||    14
   Cast: Sting             |    41 |    13 ||    54
         Poisonous Vapours |     4 |    21 ||    25
         Olgreb's Toxic Ra |       |     6 ||     6
    Use: Scroll            |     2 |       ||     2
   Stab: Sleeping          |       |     1 ||     1
 Armour: Skin              |     3 |     1 ||     4
  Dodge: Dodged            |    25 |    12 ||    37

Table legend: (Time is in decaauts)
 A = Elapsed time spent in this place.
 B = Non-inter-level travel time spent in this place.
 C = Inter-level travel time spent in this place.
 D = Time resting spent in this place.
 E = Time spent auto-exploring this place.
 F = Levels seen in this place.
 G = Mean time per level.
                   A        B        C        D        E       F      G
               +--------+--------+--------+--------+--------+-----+--------+
         Total |   2323 |   2270 |     53 |      0 |   1839 |   3 |  774.3 |
       Dungeon |   2323 |   2270 |     53 |      0 |   1839 |   3 |  774.3 |
               +--------+--------+--------+--------+--------+-----+--------+

Top non-repeatable levels by time:
     D:2: 980 daAuts
     D:1: 967 daAuts
     D:3: 375 daAuts
